[ AOE2 MATCH · #466294203 ]
Team RMHindustanis vs Vietnamese
[ REPLAY ANALYSIS · EXTRACTED FROM THE RECORDED GAME ]
Feudal
—
Castle
—
Imperial
—
| APM avg | 25.2 |
| APM peak | 66 |
| eAPM avg | 18.0 |
| Villagers / military | 135 / 346 |
Focus
⚔️ 26.9% · 🌾 73.1%
Scout Cavalry ×165 · Camel Scout ×125 · Hand Cannoneer ×42 · Bombard Cannon ×12 · Monk ×2
Feudal
10:22
Castle
16:10
Imperial
32:08
| APM avg | 16.5 |
| APM peak | 33 |
| eAPM avg | 12.0 |
| Villagers / military | 117 / 87 |
Focus
⚔️ 23.7% · 🌾 76.3%
Camel Scout ×70 · Knight ×12 · Bombard Cannon ×5
Feudal
11:59
Castle
20:59
Imperial
41:03
| APM avg | 23.7 |
| APM peak | 62 |
| eAPM avg | 13.2 |
| Villagers / military | 119 / 453 |
Focus
⚔️ 31.7% · 🌾 68.3%
Skirmisher ×398 · Archer ×40 · Rattan Archer ×15
Feudal
9:23
Castle
20:54
Imperial
34:00
| APM avg | 35.4 |
| APM peak | 82 |
| eAPM avg | 22.5 |
| Villagers / military | 121 / 252 |
Focus
⚔️ 46.2% · 🌾 53.8%
Steppe Lancer ×162 · Knight ×60 · Scout Cavalry ×30
Feudal
10:43
Castle
14:54
Imperial
33:55
| APM avg | 24.2 |
| APM peak | 53 |
| eAPM avg | 15.8 |
| Villagers / military | 136 / 121 |
Focus
⚔️ 32.2% · 🌾 67.8%
Spearman ×95 · Elephant Archer ×12 · Mangonel ×4 · Urumi Swordsman ×4 · Petard ×3 · Skirmisher ×2
Feudal
11:37
Castle
15:24
Imperial
26:01
| APM avg | 16.8 |
| APM peak | 70 |
| eAPM avg | 10.8 |
| Villagers / military | 131 / 14 |
Focus
⚔️ 16.2% · 🌾 83.8%
Ballista Elephant ×11 · Trebuchet (Packed) ×3
Feudal
10:16
Castle
20:35
Imperial
37:54
| APM avg | 15.1 |
| APM peak | 60 |
| eAPM avg | 9.6 |
| Villagers / military | 103 / 77 |
Focus
⚔️ 28.9% · 🌾 71.1%
Militia ×34 · Berserk ×27 · Trade Cart ×11 · Skirmisher ×8 · Mangonel ×3 · Battering Ram ×3
Feudal
11:01
Castle
14:37
Imperial
28:43
| APM avg | 35.5 |
| APM peak | 110 |
| eAPM avg | 22.9 |
| Villagers / military | 203 / 255 |
Focus
⚔️ 40.1% · 🌾 59.9%
Archer ×99 · Spearman ×98 · Skirmisher ×28 · Longbowman ×22 · Trebuchet (Packed) ×7 · Monk ×1
Match map
Initial resources + every placement click. Lines = walls · curves = elevation contours. ◆ gold · ⬟ stone · ● berries · ✦ relic · ◌ wall gap
Your base· ✓ Closed at 11:40 · 0t walls · 3 gate(s)
NAPOLEON's base· ✓ Closed at 16:10 · 0t walls · 2 gate(s)
CBA Hero's base· ✓ Closed at 20:59 · 0t walls · 2 gate(s)
matias98ish's base· ✓ Closed at 20:54 · 2t walls · 2 gate(s)
3Zoo_77's base· ✓ Closed at 14:54 · 0t walls · 3 gate(s)
Crupi's base· ✓ Closed at 15:24 · 0t walls · 2 gate(s)
spencerjonasak's base· ✓ Closed at 20:35 · 0t walls · 2 gate(s)
SkoL's base· ✓ Closed at 14:37 · 0t walls · 2 gate(s)
Smoothed initial terrain · ◌ = detected wall gap · hover for details
Inputs per minute
— Remindw - - NAPOLEON
Build order — Remindw
First 150 of 462 actions detected
| 0:00 | Create | Villager (Male) |
| 0:01 | Create | Villager (Male) |
| 0:01 | Create | Villager (Male) |
| 0:02 | Build | House |
| 0:05 | Build | House |
| 0:30 | Create | Villager (Male) |
| 0:30 | Create | Villager (Male) |
| 1:20 | Create | Villager (Male) |
| 1:20 | Create | Villager (Male) |
| 1:34 | Create | Villager (Male) |
| 1:34 | Create | Villager (Male) |
| 1:44 | Build | Lumber Camp |
| 2:09 | Create | Villager (Male) |
| 2:25 | Create | Villager (Male) |
| 3:16 | Create | Villager (Male) |
| 3:17 | Create | Villager (Male) |
| 3:28 | Build | Mill |
| 4:01 | Build | House |
| 4:04 | Create | Villager (Male) |
| 4:17 | Build | House |
| 4:31 | Create | Villager (Male) |
| 4:57 | Create | Villager (Male) |
| 5:00 | Create | Villager (Male) |
| 5:42 | Create | Villager (Male) |
| 6:11 | Create | Villager (Male) |
| 6:43 | Create | Villager (Male) |
| 6:59 | Create | Villager (Male) |
| 7:13 | Build | Mining Camp |
| 7:36 | Research | Feudal Age |
| 7:36 | Research | Feudal Age |
| 8:16 | Create | Villager (Male) |
| 9:01 | Create | Villager (Male) |
| 9:49 | Build | Market |
| 9:52 | Build | Blacksmith |
| 10:40 | Create | Villager (Male) |
| 11:14 | Research | Loom |
| 11:40 | Research | Castle Age |
| 11:40 | Research | Castle Age |
| 12:40 | Research | Double-Bit Axe |
| 12:41 | Research | Horse Collar |
| 13:20 | Build | House |
| 13:28 | Create | Villager (Male) |
| 13:29 | Create | Villager (Male) |
| 13:38 | Build | Farm |
| 13:39 | Build | Farm |
| 13:39 | Build | Farm |
| 13:39 | Build | Farm |
| 13:40 | Build | Farm |
| 13:40 | Build | Farm |
| 14:21 | Build | Town Center |
| 14:35 | Create | Villager (Male) |
| 14:52 | Create | Villager (Male) |
| 15:25 | Build | Monastery |
| 15:43 | Create | Villager (Male) |
| 15:43 | Create | Villager (Male) |
| 15:50 | Create | Villager (Male) |
| 16:18 | Create | Villager (Male) |
| 16:19 | Create | Villager (Male) |
| 16:22 | Create | Monk |
| 16:38 | Build | Town Center |
| 16:43 | Create | Villager (Male) |
| 16:44 | Create | Villager (Male) |
| 16:48 | Research | Heavy Plow |
| 16:58 | Build | House |
| 16:59 | Build | House |
| 17:11 | Build | Farm |
| 17:40 | Create | Villager (Male) |
| 17:41 | Create | Villager (Male) |
| 17:51 | Create | Villager (Male) |
| 17:51 | Create | Villager (Male) |
| 18:05 | Build | Farm |
| 18:05 | Build | Farm |
| 18:05 | Build | Farm |
| 18:05 | Build | Farm |
| 18:05 | Build | Farm |
| 18:05 | Build | Farm |
| 18:14 | Create | Villager (Male) |
| 18:18 | Create | Villager (Male) |
| 18:18 | Create | Villager (Male) |
| 18:34 | Create | Villager (Male) |
| 18:42 | Create | Villager (Male) |
| 18:42 | Create | Villager (Male) |
| 18:48 | Build | Town Center |
| 19:00 | Create | Villager (Male) |
| 19:01 | Create | Villager (Male) |
| 19:02 | Create | Villager (Male) |
| 19:13 | Build | Farm |
| 19:13 | Build | Farm |
| 19:14 | Build | Farm |
| 19:18 | Create | Villager (Male) |
| 19:19 | Create | Villager (Male) |
| 19:25 | Create | Villager (Male) |
| 19:25 | Create | Villager (Male) |
| 19:39 | Create | Villager (Male) |
| 19:40 | Create | Villager (Male) |
| 19:55 | Build | House |
| 19:56 | Build | House |
| 20:09 | Research | Wheelbarrow |
| 20:10 | Research | Wheelbarrow |
| 20:18 | Create | Villager (Male) |
| 20:29 | Build | Town Center |
| 20:33 | Build | Farm |
| 20:33 | Build | Farm |
| 20:33 | Build | Farm |
| 20:34 | Build | Farm |
| 20:39 | Create | Villager (Male) |
| 20:47 | Build | Farm |
| 20:47 | Build | Farm |
| 20:47 | Build | Farm |
| 20:47 | Build | Farm |
| 20:47 | Build | Farm |
| 20:54 | Create | Villager (Male) |
| 20:57 | Create | Villager (Male) |
| 21:00 | Build | Farm |
| 21:01 | Build | Farm |
| 21:01 | Build | Farm |
| 21:03 | Create | Villager (Male) |
| 21:09 | Create | Villager (Male) |
| 21:09 | Create | Villager (Male) |
| 21:12 | Build | Farm |
| 21:15 | Create | Villager (Male) |
| 21:18 | Create | Villager (Male) |
| 21:18 | Create | Villager (Male) |
| 21:35 | Create | Villager (Male) |
| 21:41 | Create | Villager (Male) |
| 21:41 | Create | Villager (Male) |
| 21:44 | Build | Farm |
| 21:44 | Build | Farm |
| 21:44 | Build | Farm |
| 21:47 | Create | Villager (Male) |
| 21:50 | Create | Villager (Male) |
| 21:50 | Create | Villager (Male) |
| 21:54 | Create | Villager (Male) |
| 21:59 | Build | Farm |
| 21:59 | Build | Farm |
| 21:59 | Build | Farm |
| 21:59 | Build | Farm |
| 22:00 | Build | Farm |
| 22:00 | Build | Farm |
| 22:00 | Build | Farm |
| 22:00 | Build | Farm |
| 22:00 | Build | Farm |
| 22:04 | Create | Villager (Male) |
| 22:07 | Build | Farm |
| 22:08 | Build | Farm |
| 22:08 | Build | Farm |
| 22:08 | Build | Farm |
| 22:08 | Build | Farm |
| 22:10 | Create | Villager (Male) |
| 22:13 | Create | Villager (Male) |
Build order — NAPOLEON
First 150 of 312 actions detected
| 0:02 | Create | Villager (Male) |
| 0:02 | Create | Villager (Male) |
| 0:02 | Create | Villager (Male) |
| 0:02 | Create | Villager (Male) |
| 0:02 | Create | Villager (Male) |
| 0:04 | Build | House |
| 0:07 | Build | House |
| 1:26 | Create | Villager (Male) |
| 1:27 | Create | Villager (Male) |
| 1:27 | Create | Villager (Male) |
| 2:11 | Create | Villager (Male) |
| 2:11 | Create | Villager (Male) |
| 2:17 | Create | Villager (Male) |
| 2:18 | Create | Villager (Male) |
| 2:43 | Build | Lumber Camp |
| 2:49 | Create | Villager (Male) |
| 2:50 | Create | Villager (Male) |
| 3:12 | Create | Villager (Male) |
| 3:12 | Create | Villager (Male) |
| 3:44 | Create | Villager (Male) |
| 3:44 | Create | Villager (Male) |
| 3:50 | Create | Villager (Male) |
| 3:50 | Create | Villager (Male) |
| 4:12 | Build | House |
| 4:28 | Create | Villager (Male) |
| 4:28 | Create | Villager (Male) |
| 4:29 | Create | Villager (Male) |
| 5:03 | Build | Mill |
| 5:05 | Create | Villager (Male) |
| 5:05 | Create | Villager (Male) |
| 5:38 | Create | Villager (Male) |
| 5:39 | Create | Villager (Male) |
| 5:40 | Create | Villager (Male) |
| 5:40 | Create | Villager (Male) |
| 8:12 | Research | Feudal Age |
| 8:40 | Build | House |
| 10:22 | Age | Feudal Age |
| 10:25 | Build | Mill |
| 10:27 | Create | Villager (Male) |
| 10:27 | Create | Villager (Male) |
| 10:28 | Create | Villager (Male) |
| 10:28 | Create | Villager (Male) |
| 10:28 | Create | Villager (Male) |
| 10:36 | Build | Mining Camp |
| 10:43 | Build | Market |
| 10:47 | Build | Blacksmith |
| 12:57 | Build | House |
| 13:30 | Research | Castle Age |
| 13:30 | Research | Castle Age |
| 13:30 | Research | Castle Age |
| 14:26 | Research | Double-Bit Axe |
| 14:48 | Build | Farm |
| 14:50 | Build | Farm |
| 14:52 | Build | Farm |
| 14:53 | Build | Farm |
| 16:10 | Age | Castle Age |
| 16:11 | Create | Villager (Male) |
| 16:11 | Create | Villager (Male) |
| 16:12 | Create | Villager (Male) |
| 16:12 | Create | Villager (Male) |
| 16:12 | Create | Villager (Male) |
| 16:18 | Build | Town Center |
| 16:48 | Build | Farm |
| 16:50 | Build | Farm |
| 16:51 | Build | Farm |
| 16:53 | Build | Farm |
| 16:54 | Build | Farm |
| 16:57 | Build | Farm |
| 17:05 | Research | Horse Collar |
| 17:23 | Create | Villager (Male) |
| 17:24 | Create | Villager (Male) |
| 17:24 | Create | Villager (Male) |
| 17:34 | Create | Villager (Male) |
| 18:00 | Build | Barracks |
| 18:35 | Build | House |
| 18:42 | Research | Gold Mining |
| 19:05 | Create | Villager (Male) |
| 19:23 | Build | Stable |
| 19:28 | Create | Villager (Male) |
| 19:44 | Create | Villager (Male) |
| 19:46 | Create | Villager (Male) |
| 19:46 | Create | Villager (Male) |
| 19:50 | Build | Farm |
| 19:51 | Build | Farm |
| 20:23 | Build | House |
| 20:28 | Create | Villager (Male) |
| 20:28 | Create | Villager (Male) |
| 20:36 | Build | Farm |
| 20:37 | Build | Farm |
| 20:42 | Create | Knight |
| 20:42 | Create | Knight |
| 21:00 | Create | Villager (Male) |
| 21:05 | Build | Farm |
| 21:29 | Build | Farm |
| 21:31 | Build | Farm |
| 21:32 | Build | Farm |
| 21:36 | Build | Farm |
| 21:42 | Research | Wheelbarrow |
| 21:59 | Create | Villager (Male) |
| 22:00 | Create | Villager (Male) |
| 22:09 | Build | House |
| 22:10 | Build | House |
| 22:14 | Create | Villager (Male) |
| 22:28 | Build | Farm |
| 22:30 | Build | Farm |
| 22:32 | Build | Farm |
| 22:38 | Create | Villager (Male) |
| 22:50 | Create | Knight |
| 23:35 | Create | Villager (Male) |
| 23:36 | Create | Villager (Male) |
| 23:39 | Research | Hand Cart |
| 23:48 | Build | Monastery |
| 23:58 | Build | Monastery |
| 24:01 | Build | University |
| 24:04 | Create | Knight |
| 24:04 | Create | Knight |
| 24:22 | Build | Mining Camp |
| 24:42 | Create | Villager (Male) |
| 24:43 | Create | Villager (Male) |
| 24:43 | Create | Villager (Male) |
| 24:43 | Create | Villager (Male) |
| 24:44 | Create | Villager (Male) |
| 24:50 | Build | Castle |
| 25:02 | Create | Villager (Male) |
| 25:02 | Create | Villager (Male) |
| 25:05 | Create | Villager (Male) |
| 25:17 | Create | Knight |
| 25:17 | Create | Knight |
| 25:17 | Create | Knight |
| 25:22 | Build | House |
| 25:23 | Build | House |
| 25:24 | Build | House |
| 25:42 | Create | Villager (Male) |
| 25:43 | Create | Villager (Male) |
| 25:55 | Create | Villager (Male) |
| 26:32 | Create | Villager (Male) |
| 26:39 | Build | Farm |
| 26:40 | Build | Farm |
| 26:45 | Build | Farm |
| 27:14 | Create | Camel Scout |
| 27:15 | Create | Camel Scout |
| 27:15 | Create | Camel Scout |
| 27:52 | Build | Stable |
| 27:54 | Build | Stable |
| 27:56 | Create | Villager (Male) |
| 27:56 | Create | Villager (Male) |
| 27:57 | Create | Villager (Male) |
| 27:57 | Create | Villager (Male) |
| 27:58 | Create | Villager (Male) |
| 28:44 | Build | Mining Camp |
Build order — CBA Hero
First 150 of 415 actions detected
| 0:01 | Create | Villager (Male) |
| 0:03 | Build | House |
| 0:05 | Build | House |
| 0:24 | Create | Villager (Male) |
| 0:24 | Create | Villager (Male) |
| 0:27 | Build | House |
| 0:50 | Create | Villager (Male) |
| 1:20 | Build | Mill |
| 1:40 | Create | Villager (Male) |
| 2:07 | Research | Loom |
| 2:26 | Create | Villager (Male) |
| 2:26 | Create | Villager (Male) |
| 2:53 | Create | Villager (Male) |
| 3:29 | Create | Villager (Male) |
| 3:30 | Create | Villager (Male) |
| 3:52 | Create | Villager (Male) |
| 4:15 | Create | Villager (Male) |
| 5:13 | Create | Villager (Male) |
| 5:13 | Create | Villager (Male) |
| 5:31 | Build | Lumber Camp |
| 5:38 | Create | Villager (Male) |
| 5:56 | Build | House |
| 6:02 | Create | Villager (Male) |
| 6:02 | Create | Villager (Male) |
| 6:22 | Create | Villager (Male) |
| 7:09 | Build | Mining Camp |
| 7:34 | Create | Villager (Male) |
| 8:12 | Create | Villager (Male) |
| 8:16 | Build | House |
| 8:17 | Build | House |
| 8:18 | Build | House |
| 8:32 | Build | Mill |
| 8:46 | Create | Villager (Male) |
| 8:52 | Create | Villager (Male) |
| 9:23 | Build | House |
| 9:46 | Create | Villager (Male) |
| 9:48 | Research | Feudal Age |
| 9:59 | Build | Farm |
| 10:21 | Build | House |
| 11:22 | Build | Mining Camp |
| 11:35 | Build | Mining Camp |
| 11:53 | Build | Farm |
| 11:59 | Build | Farm |
| 11:59 | Age | Feudal Age |
| 12:03 | Research | Wheelbarrow |
| 12:05 | Research | Horse Collar |
| 12:07 | Research | Double-Bit Axe |
| 12:27 | Build | Farm |
| 12:31 | Build | Farm |
| 12:39 | Research | Town Watch |
| 12:46 | Research | Stone Mining |
| 12:47 | Research | Gold Mining |
| 12:59 | Build | Farm |
| 13:01 | Create | Villager (Male) |
| 13:01 | Create | Villager (Male) |
| 13:02 | Create | Villager (Male) |
| 13:06 | Build | Farm |
| 13:08 | Create | Villager (Male) |
| 13:48 | Build | Farm |
| 13:50 | Create | Villager (Male) |
| 14:17 | Build | Blacksmith |
| 14:39 | Build | Outpost |
| 14:47 | Create | Villager (Male) |
| 14:51 | Build | Market |
| 15:02 | Create | Villager (Male) |
| 15:15 | Build | Farm |
| 15:27 | Build | House |
| 15:29 | Build | House |
| 15:30 | Build | House |
| 15:40 | Build | Farm |
| 16:13 | Build | Watch Tower |
| 16:29 | Build | Mining Camp |
| 16:39 | Create | Villager (Male) |
| 16:39 | Create | Villager (Male) |
| 16:41 | Build | Farm |
| 17:09 | Create | Villager (Male) |
| 17:09 | Create | Villager (Male) |
| 17:16 | Build | Farm |
| 17:19 | Build | House |
| 17:22 | Build | House |
| 17:23 | Build | House |
| 17:49 | Build | Farm |
| 18:10 | Research | Castle Age |
| 18:18 | Build | House |
| 18:19 | Build | House |
| 18:40 | Build | Outpost |
| 19:14 | Build | Outpost |
| 19:42 | Build | House |
| 19:44 | Build | House |
| 19:45 | Build | House |
| 19:46 | Build | House |
| 20:17 | Research | Fletching |
| 20:18 | Research | Padded Archer Armor |
| 20:59 | Age | Castle Age |
| 21:01 | Research | Town Patrol |
| 21:03 | Create | Villager (Male) |
| 21:03 | Create | Villager (Male) |
| 21:05 | Research | Heavy Plow |
| 21:08 | Research | Bow Saw |
| 21:18 | Build | Castle |
| 21:31 | Build | University |
| 21:34 | Build | House |
| 21:37 | Build | House |
| 21:40 | Build | House |
| 21:41 | Build | House |
| 21:48 | Research | Leather Archer Armor |
| 21:50 | Create | Villager (Male) |
| 21:50 | Create | Villager (Male) |
| 22:34 | Build | Town Center |
| 22:46 | Research | Fortified Wall (upgrade) |
| 22:47 | Create | Villager (Male) |
| 22:48 | Create | Villager (Male) |
| 22:52 | Build | Farm |
| 23:12 | Build | House |
| 23:14 | Build | House |
| 23:15 | Build | House |
| 23:16 | Build | House |
| 23:17 | Build | House |
| 23:24 | Build | House |
| 23:52 | Create | Villager (Male) |
| 23:52 | Create | Villager (Male) |
| 23:53 | Create | Villager (Male) |
| 23:53 | Create | Villager (Male) |
| 23:54 | Create | Villager (Male) |
| 23:54 | Create | Villager (Male) |
| 23:58 | Create | Villager (Male) |
| 24:11 | Build | Town Center |
| 24:17 | Build | House |
| 24:32 | Build | Barracks |
| 24:45 | Build | Stone Wall |
| 24:53 | Create | Villager (Male) |
| 24:54 | Create | Villager (Male) |
| 24:54 | Create | Villager (Male) |
| 24:54 | Create | Villager (Male) |
| 24:57 | Create | Villager (Male) |
| 24:57 | Create | Villager (Male) |
| 25:18 | Create | Rattan Archer |
| 25:19 | Create | Rattan Archer |
| 25:22 | Create | Villager (Male) |
| 25:22 | Create | Villager (Male) |
| 25:33 | Create | Rattan Archer |
| 25:34 | Create | Rattan Archer |
| 25:46 | Build | Monastery |
| 25:47 | Build | House |
| 25:48 | Build | House |
| 25:50 | Build | House |
| 25:51 | Build | House |
| 25:52 | Build | House |
| 25:53 | Build | House |
| 25:56 | Create | Villager (Male) |
Build order — matias98ish
First 150 of 552 actions detected
| 0:01 | Create | Villager (Male) |
| 0:03 | Build | House |
| 0:05 | Build | House |
| 0:10 | Create | Villager (Male) |
| 0:10 | Create | Villager (Male) |
| 0:10 | Create | Villager (Male) |
| 1:30 | Create | Villager (Male) |
| 1:52 | Build | Lumber Camp |
| 2:11 | Create | Villager (Male) |
| 2:35 | Create | Villager (Male) |
| 2:55 | Create | Villager (Male) |
| 3:27 | Create | Villager (Male) |
| 3:28 | Create | Villager (Male) |
| 3:51 | Create | Villager (Male) |
| 3:51 | Create | Villager (Male) |
| 3:51 | Create | Villager (Male) |
| 3:58 | Build | House |
| 4:27 | Build | Mill |
| 4:37 | Create | Villager (Male) |
| 4:38 | Create | Villager (Male) |
| 4:38 | Create | Villager (Male) |
| 5:19 | Create | Villager (Male) |
| 5:43 | Create | Villager (Male) |
| 6:17 | Create | Villager (Male) |
| 6:33 | Research | Loom |
| 7:12 | Research | Feudal Age |
| 7:12 | Research | Feudal Age |
| 8:04 | Build | House |
| 8:33 | Build | House |
| 9:12 | Create | Villager (Male) |
| 9:13 | Create | Villager (Male) |
| 9:23 | Age | Feudal Age |
| 9:27 | Build | Town Center |
| 9:33 | Research | Double-Bit Axe |
| 9:34 | Create | Villager (Male) |
| 10:14 | Create | Villager (Male) |
| 10:22 | Research | Horse Collar |
| 10:22 | Research | Horse Collar |
| 10:45 | Create | Villager (Male) |
| 10:57 | Build | House |
| 11:01 | Build | House |
| 11:06 | Create | Villager (Male) |
| 11:13 | Create | Villager (Male) |
| 11:13 | Create | Villager (Male) |
| 11:24 | Build | Farm |
| 11:34 | Create | Villager (Male) |
| 11:34 | Create | Villager (Male) |
| 11:44 | Create | Villager (Male) |
| 11:45 | Create | Villager (Male) |
| 11:45 | Create | Villager (Male) |
| 11:48 | Build | Farm |
| 12:10 | Create | Villager (Male) |
| 12:10 | Create | Villager (Male) |
| 12:14 | Build | Farm |
| 12:17 | Build | Farm |
| 12:29 | Create | Villager (Male) |
| 12:29 | Create | Villager (Male) |
| 12:32 | Create | Villager (Male) |
| 12:33 | Create | Villager (Male) |
| 12:34 | Build | Farm |
| 12:51 | Build | Farm |
| 12:56 | Build | Farm |
| 12:58 | Build | Farm |
| 13:08 | Build | House |
| 13:09 | Create | Villager (Male) |
| 13:09 | Create | Villager (Male) |
| 13:16 | Build | Farm |
| 13:20 | Build | Farm |
| 13:33 | Build | Farm |
| 13:42 | Build | Farm |
| 13:51 | Build | Farm |
| 14:03 | Build | Farm |
| 14:05 | Create | Villager (Male) |
| 14:06 | Create | Villager (Male) |
| 14:13 | Build | House |
| 14:19 | Build | Farm |
| 14:31 | Build | Farm |
| 14:33 | Create | Villager (Male) |
| 14:33 | Create | Villager (Male) |
| 14:50 | Build | House |
| 14:50 | Build | House |
| 15:03 | Build | Lumber Camp |
| 15:08 | Create | Villager (Male) |
| 15:08 | Create | Villager (Male) |
| 15:23 | Build | Farm |
| 15:31 | Build | Farm |
| 15:35 | Build | Farm |
| 15:36 | Create | Villager (Male) |
| 15:37 | Create | Villager (Male) |
| 15:51 | Create | Villager (Male) |
| 15:51 | Create | Villager (Male) |
| 16:03 | Create | Villager (Male) |
| 16:03 | Create | Villager (Male) |
| 16:11 | Create | Villager (Male) |
| 16:11 | Create | Villager (Male) |
| 16:16 | Build | Blacksmith |
| 16:18 | Create | Villager (Male) |
| 16:18 | Create | Villager (Male) |
| 16:25 | Build | Farm |
| 16:26 | Build | Farm |
| 16:33 | Build | Farm |
| 16:50 | Create | Villager (Male) |
| 16:50 | Create | Villager (Male) |
| 16:58 | Build | Market |
| 17:04 | Research | Wheelbarrow |
| 17:08 | Build | House |
| 17:17 | Build | Farm |
| 17:19 | Build | Farm |
| 17:34 | Build | Palisade Wall |
| 17:35 | Build | Palisade Wall |
| 17:48 | Build | Farm |
| 17:49 | Build | Farm |
| 17:51 | Build | Farm |
| 17:55 | Build | Farm |
| 18:14 | Research | Castle Age |
| 18:14 | Research | Castle Age |
| 18:15 | Create | Villager (Male) |
| 18:15 | Create | Villager (Male) |
| 18:21 | Build | Barracks |
| 18:34 | Create | Villager (Male) |
| 18:34 | Create | Villager (Male) |
| 18:48 | Build | Mining Camp |
| 19:00 | Build | Farm |
| 19:01 | Build | Farm |
| 19:02 | Build | Farm |
| 19:07 | Build | Mill |
| 19:14 | Research | Scale Barding Armor |
| 19:32 | Create | Villager (Male) |
| 19:32 | Create | Villager (Male) |
| 19:43 | Build | Stable |
| 19:52 | Research | Gold Mining |
| 20:08 | Create | Villager (Male) |
| 20:10 | Research | Forging |
| 20:38 | Build | Stable |
| 20:41 | Research | Bloodlines |
| 20:43 | Create | Villager (Male) |
| 20:43 | Create | Villager (Male) |
| 20:54 | Age | Castle Age |
| 20:55 | Build | Town Center |
| 21:06 | Create | Villager (Male) |
| 21:06 | Create | Villager (Male) |
| 21:08 | Research | Bow Saw |
| 21:10 | Research | Iron Casting |
| 21:35 | Create | Villager (Male) |
| 21:35 | Create | Villager (Male) |
| 21:39 | Build | Stable |
| 21:46 | Create | Villager (Male) |
| 21:46 | Create | Villager (Male) |
| 21:52 | Create | Steppe Lancer |
| 21:53 | Create | Steppe Lancer |
Build order — 3Zoo_77
First 150 of 408 actions detected
| 0:03 | Create | Villager (Male) |
| 0:04 | Build | House |
| 0:07 | Build | House |
| 0:09 | Create | Villager (Male) |
| 0:10 | Create | Villager (Male) |
| 0:10 | Create | Villager (Male) |
| 0:10 | Create | Villager (Male) |
| 0:10 | Create | Villager (Male) |
| 1:38 | Create | Villager (Male) |
| 1:39 | Create | Villager (Male) |
| 2:16 | Create | Villager (Male) |
| 2:17 | Create | Villager (Male) |
| 2:32 | Create | Villager (Male) |
| 2:32 | Create | Villager (Male) |
| 2:32 | Create | Villager (Male) |
| 2:51 | Build | Lumber Camp |
| 3:00 | Create | Villager (Male) |
| 3:00 | Create | Villager (Male) |
| 3:19 | Create | Villager (Male) |
| 3:20 | Create | Villager (Male) |
| 3:20 | Create | Villager (Male) |
| 3:36 | Build | House |
| 3:37 | Build | House |
| 3:52 | Create | Villager (Male) |
| 3:52 | Create | Villager (Male) |
| 4:24 | Create | Villager (Male) |
| 4:24 | Create | Villager (Male) |
| 4:53 | Create | Villager (Male) |
| 4:54 | Create | Villager (Male) |
| 5:20 | Create | Villager (Male) |
| 5:20 | Create | Villager (Male) |
| 5:47 | Create | Villager (Male) |
| 5:47 | Create | Villager (Male) |
| 5:52 | Build | Mill |
| 6:09 | Build | Mill |
| 6:14 | Create | Villager (Male) |
| 6:22 | Create | Villager (Male) |
| 7:00 | Create | Villager (Male) |
| 7:15 | Create | Villager (Male) |
| 7:34 | Create | Villager (Male) |
| 8:00 | Create | Villager (Male) |
| 8:33 | Research | Feudal Age |
| 9:07 | Build | Mining Camp |
| 9:54 | Create | Villager (Male) |
| 10:05 | Build | House |
| 10:43 | Age | Feudal Age |
| 10:51 | Build | Market |
| 10:53 | Build | Blacksmith |
| 11:38 | Create | Villager (Male) |
| 12:14 | Research | Castle Age |
| 12:27 | Build | Mining Camp |
| 12:57 | Create | Villager (Male) |
| 13:29 | Build | Barracks |
| 13:48 | Research | Double-Bit Axe |
| 14:40 | Build | Archery Range |
| 14:50 | Research | Horse Collar |
| 14:54 | Age | Castle Age |
| 14:57 | Build | Farm |
| 15:05 | Build | Town Center |
| 15:13 | Build | Town Center |
| 16:17 | Build | Siege Workshop |
| 16:19 | Create | Villager (Male) |
| 16:26 | Create | Villager (Male) |
| 16:52 | Create | Villager (Male) |
| 17:05 | Create | Mangonel |
| 17:24 | Build | Farm |
| 17:25 | Build | Farm |
| 17:29 | Create | Villager (Male) |
| 17:41 | Create | Skirmisher |
| 17:50 | Build | Farm |
| 17:52 | Build | Farm |
| 17:55 | Research | Loom |
| 18:42 | Build | Farm |
| 19:19 | Build | Castle |
| 19:26 | Create | Mangonel |
| 19:29 | Create | Villager (Male) |
| 19:29 | Create | Villager (Male) |
| 19:33 | Create | Villager (Male) |
| 19:57 | Create | Villager (Male) |
| 20:41 | Create | Villager (Male) |
| 20:41 | Create | Villager (Male) |
| 20:46 | Build | Farm |
| 20:47 | Build | Farm |
| 20:48 | Build | Farm |
| 20:52 | Create | Villager (Male) |
| 21:12 | Build | Farm |
| 21:13 | Build | Farm |
| 21:17 | Build | Farm |
| 21:18 | Build | Farm |
| 21:25 | Build | Farm |
| 21:30 | Create | Villager (Male) |
| 21:34 | Create | Villager (Male) |
| 21:38 | Build | Farm |
| 22:04 | Build | Farm |
| 22:05 | Create | Villager (Male) |
| 22:06 | Create | Villager (Male) |
| 22:25 | Create | Petard |
| 22:36 | Build | Farm |
| 22:39 | Create | Villager (Male) |
| 22:44 | Create | Villager (Male) |
| 22:51 | Create | Villager (Male) |
| 22:51 | Create | Villager (Male) |
| 22:53 | Create | Villager (Male) |
| 23:02 | Create | Petard |
| 23:02 | Create | Petard |
| 23:08 | Build | Farm |
| 23:26 | Research | Elite Skirmisher (upgrade) |
| 23:29 | Create | Villager (Male) |
| 23:29 | Create | Villager (Male) |
| 23:39 | Create | Villager (Male) |
| 23:44 | Create | Villager (Male) |
| 23:45 | Create | Villager (Male) |
| 23:48 | Build | Farm |
| 24:03 | Create | Skirmisher |
| 24:07 | Create | Urumi Swordsman |
| 24:18 | Create | Urumi Swordsman |
| 25:16 | Create | Urumi Swordsman |
| 25:17 | Create | Urumi Swordsman |
| 25:19 | Create | Villager (Male) |
| 25:19 | Create | Villager (Male) |
| 25:20 | Create | Villager (Male) |
| 25:20 | Create | Villager (Male) |
| 25:21 | Create | Villager (Male) |
| 25:22 | Create | Villager (Male) |
| 26:50 | Create | Mangonel |
| 26:54 | Build | House |
| 26:55 | Build | House |
| 26:56 | Build | House |
| 26:57 | Build | House |
| 26:59 | Build | Farm |
| 27:01 | Build | Farm |
| 27:02 | Build | Farm |
| 27:03 | Build | Farm |
| 27:06 | Research | Heavy Plow |
| 27:09 | Research | Wheelbarrow |
| 27:11 | Create | Villager (Male) |
| 27:13 | Research | Gold Mining |
| 27:19 | Research | Bow Saw |
| 27:39 | Create | Elephant Archer |
| 27:47 | Create | Villager (Male) |
| 27:51 | Build | Mill |
| 27:54 | Build | Farm |
| 27:56 | Build | Farm |
| 27:57 | Build | Farm |
| 27:57 | Build | Farm |
| 27:59 | Build | Farm |
| 28:00 | Build | Farm |
| 28:01 | Build | Farm |
| 28:35 | Create | Villager (Male) |
| 28:35 | Create | Villager (Male) |
Build order — Crupi
First 150 of 244 actions detected
| 0:02 | Create | Villager (Male) |
| 0:03 | Create | Villager (Male) |
| 0:04 | Build | House |
| 0:05 | Build | House |
| 0:09 | Create | Villager (Male) |
| 0:14 | Create | Villager (Male) |
| 1:37 | Create | Villager (Male) |
| 2:08 | Create | Villager (Male) |
| 2:08 | Create | Villager (Male) |
| 2:29 | Create | Villager (Male) |
| 2:33 | Build | Lumber Camp |
| 2:51 | Create | Villager (Male) |
| 3:02 | Build | House |
| 3:05 | Create | Villager (Male) |
| 3:47 | Create | Villager (Male) |
| 3:48 | Create | Villager (Male) |
| 4:26 | Create | Villager (Male) |
| 4:27 | Create | Villager (Male) |
| 4:27 | Create | Villager (Male) |
| 4:27 | Create | Villager (Male) |
| 5:01 | Build | Mill |
| 5:24 | Create | Villager (Male) |
| 5:38 | Build | House |
| 5:42 | Create | Villager (Male) |
| 6:28 | Create | Villager (Male) |
| 6:45 | Create | Villager (Male) |
| 7:05 | Build | House |
| 7:15 | Create | Villager (Male) |
| 7:33 | Create | Villager (Male) |
| 8:04 | Create | Villager (Male) |
| 8:31 | Create | Villager (Male) |
| 8:44 | Build | Farm |
| 8:50 | Build | Farm |
| 8:52 | Create | Villager (Male) |
| 8:55 | Build | Farm |
| 9:05 | Build | Farm |
| 9:15 | Build | Mining Camp |
| 9:20 | Research | Feudal Age |
| 9:22 | Build | Farm |
| 9:27 | Build | Farm |
| 9:28 | Build | Farm |
| 9:33 | Build | Farm |
| 9:46 | Build | Farm |
| 9:47 | Build | Farm |
| 10:12 | Build | Farm |
| 10:23 | Build | Farm |
| 10:27 | Build | Farm |
| 11:10 | Build | Farm |
| 11:13 | Create | Villager (Male) |
| 11:18 | Build | House |
| 11:37 | Age | Feudal Age |
| 11:53 | Create | Villager (Male) |
| 12:44 | Research | Castle Age |
| 12:58 | Research | Double-Bit Axe |
| 13:20 | Research | Horse Collar |
| 13:35 | Research | Gold Mining |
| 13:41 | Build | Farm |
| 14:08 | Research | Loom |
| 14:12 | Research | Stone Mining |
| 14:46 | Create | Villager (Male) |
| 15:24 | Age | Castle Age |
| 15:29 | Build | Town Center |
| 15:44 | Create | Villager (Male) |
| 15:51 | Create | Villager (Male) |
| 15:59 | Create | Villager (Male) |
| 16:04 | Create | Villager (Male) |
| 16:07 | Create | Villager (Male) |
| 16:11 | Create | Villager (Male) |
| 16:15 | Create | Villager (Male) |
| 16:24 | Create | Villager (Male) |
| 16:32 | Create | Villager (Male) |
| 16:35 | Create | Villager (Male) |
| 16:45 | Create | Villager (Male) |
| 16:47 | Create | Villager (Male) |
| 16:47 | Create | Villager (Male) |
| 16:57 | Create | Villager (Male) |
| 17:04 | Build | House |
| 17:06 | Create | Villager (Male) |
| 17:09 | Create | Villager (Male) |
| 17:15 | Create | Villager (Male) |
| 17:44 | Create | Villager (Male) |
| 18:01 | Create | Villager (Male) |
| 18:15 | Create | Villager (Male) |
| 18:18 | Create | Villager (Male) |
| 18:22 | Create | Villager (Male) |
| 18:32 | Create | Villager (Male) |
| 18:42 | Create | Villager (Male) |
| 18:44 | Create | Villager (Male) |
| 18:53 | Build | Siege Workshop |
| 19:13 | Create | Villager (Male) |
| 19:20 | Create | Villager (Male) |
| 19:23 | Create | Villager (Male) |
| 19:31 | Create | Villager (Male) |
| 20:03 | Create | Villager (Male) |
| 20:16 | Create | Villager (Male) |
| 20:26 | Build | House |
| 20:26 | Create | Villager (Male) |
| 21:35 | Build | Lumber Camp |
| 21:46 | Build | Farm |
| 21:55 | Build | House |
| 22:22 | Build | Farm |
| 22:24 | Build | Farm |
| 22:25 | Build | Farm |
| 22:32 | Build | Farm |
| 22:42 | Research | Imperial Age |
| 23:03 | Build | Mining Camp |
| 23:11 | Research | Wheelbarrow |
| 23:31 | Research | Bow Saw |
| 23:57 | Build | Market |
| 24:05 | Build | Blacksmith |
| 24:07 | Create | Villager (Male) |
| 24:11 | Build | House |
| 24:12 | Build | House |
| 24:14 | Build | House |
| 24:16 | Build | House |
| 24:17 | Build | House |
| 24:19 | Create | Villager (Male) |
| 24:29 | Create | Villager (Male) |
| 24:56 | Create | Villager (Male) |
| 25:05 | Create | Villager (Male) |
| 25:11 | Create | Villager (Male) |
| 25:18 | Build | Castle |
| 25:18 | Create | Villager (Male) |
| 25:24 | Create | Villager (Male) |
| 25:27 | Create | Villager (Male) |
| 25:35 | Build | House |
| 25:43 | Create | Villager (Male) |
| 25:47 | Build | House |
| 25:50 | Build | House |
| 25:50 | Create | Villager (Male) |
| 25:55 | Build | House |
| 26:00 | Build | Stone Wall |
| 26:01 | Age | Imperial Age |
| 26:32 | Create | Villager (Male) |
| 27:31 | Build | House |
| 27:50 | Research | Wheelbarrow |
| 28:27 | Create | Trebuchet (Packed) |
| 29:01 | Create | Villager (Male) |
| 29:49 | Create | Trebuchet (Packed) |
| 30:21 | Create | Villager (Male) |
| 30:21 | Create | Villager (Male) |
| 30:45 | Build | House |
| 30:47 | Create | Villager (Male) |
| 31:01 | Create | Villager (Male) |
| 31:19 | Build | House |
| 31:21 | Build | House |
| 31:22 | Create | Villager (Male) |
| 31:32 | Create | Villager (Male) |
| 31:57 | Create | Villager (Male) |
| 32:16 | Create | Villager (Male) |
Build order — spencerjonasak
First 150 of 315 actions detected
| 0:02 | Create | Villager (Male) |
| 0:03 | Create | Villager (Male) |
| 0:03 | Create | Villager (Male) |
| 0:05 | Build | House |
| 0:07 | Build | House |
| 1:23 | Create | Villager (Male) |
| 1:23 | Create | Villager (Male) |
| 1:42 | Create | Villager (Male) |
| 2:45 | Create | Villager (Male) |
| 2:46 | Create | Villager (Male) |
| 2:49 | Build | Lumber Camp |
| 3:25 | Create | Villager (Male) |
| 3:40 | Create | Villager (Male) |
| 3:56 | Build | House |
| 4:01 | Create | Villager (Male) |
| 4:29 | Create | Villager (Male) |
| 4:36 | Create | Villager (Male) |
| 6:08 | Create | Villager (Male) |
| 6:08 | Create | Villager (Male) |
| 6:22 | Create | Villager (Male) |
| 6:33 | Build | House |
| 6:46 | Research | Loom |
| 7:44 | Build | Mill |
| 8:06 | Research | Feudal Age |
| 8:58 | Create | Villager (Male) |
| 9:04 | Build | Mining Camp |
| 9:28 | Build | Mining Camp |
| 9:49 | Build | Barracks |
| 10:16 | Age | Feudal Age |
| 10:23 | Research | Double-Bit Axe |
| 10:30 | Create | Villager (Male) |
| 10:31 | Create | Villager (Male) |
| 10:42 | Build | House |
| 10:49 | Build | Farm |
| 11:16 | Create | Militia |
| 11:16 | Create | Militia |
| 11:16 | Create | Militia |
| 11:20 | Create | Militia |
| 11:22 | Create | Villager (Male) |
| 11:26 | Build | Farm |
| 11:47 | Build | Blacksmith |
| 11:51 | Create | Militia |
| 12:09 | Build | Farm |
| 12:12 | Build | Farm |
| 12:14 | Create | Villager (Male) |
| 12:29 | Build | House |
| 12:33 | Create | Villager (Male) |
| 12:35 | Create | Villager (Male) |
| 12:43 | Build | Farm |
| 12:54 | Build | Farm |
| 13:18 | Build | Farm |
| 13:30 | Research | Man-at-Arms (upgrade) |
| 13:32 | Create | Villager (Male) |
| 13:49 | Build | House |
| 14:13 | Create | Villager (Male) |
| 14:13 | Create | Villager (Male) |
| 14:20 | Build | Farm |
| 14:22 | Build | Farm |
| 14:32 | Research | Scale Mail Armor |
| 14:44 | Build | Farm |
| 14:52 | Build | Farm |
| 14:56 | Build | Farm |
| 14:59 | Create | Villager (Male) |
| 15:23 | Build | Farm |
| 15:54 | Create | Villager (Male) |
| 16:00 | Build | Farm |
| 16:33 | Create | Villager (Male) |
| 16:40 | Build | House |
| 16:50 | Build | House |
| 16:52 | Build | House |
| 17:15 | Build | Market |
| 17:55 | Research | Castle Age |
| 18:20 | Create | Trade Cart |
| 18:20 | Create | Trade Cart |
| 18:30 | Build | House |
| 18:51 | Build | Archery Range |
| 19:17 | Create | Villager (Male) |
| 19:44 | Research | Forging |
| 19:49 | Create | Militia |
| 19:49 | Create | Militia |
| 19:50 | Create | Militia |
| 20:35 | Age | Castle Age |
| 20:37 | Create | Villager (Male) |
| 20:37 | Create | Villager (Male) |
| 20:38 | Create | Villager (Male) |
| 20:40 | Research | Bow Saw |
| 20:52 | Research | Long Swordsman (upgrade) |
| 21:04 | Create | Villager (Male) |
| 21:04 | Create | Villager (Male) |
| 21:12 | Research | Horse Collar |
| 21:50 | Research | Chain Mail Armor |
| 22:18 | Build | Town Center |
| 22:22 | Create | Villager (Male) |
| 22:28 | Research | Squires |
| 22:35 | Create | Villager (Male) |
| 22:50 | Create | Trade Cart |
| 22:53 | Create | Trade Cart |
| 22:56 | Research | Iron Casting |
| 23:01 | Create | Villager (Male) |
| 23:13 | Create | Militia |
| 23:13 | Create | Militia |
| 23:30 | Build | Barracks |
| 23:34 | Create | Villager (Male) |
| 23:35 | Create | Villager (Male) |
| 23:50 | Create | Militia |
| 23:55 | Research | Gambesons |
| 24:38 | Create | Villager (Male) |
| 24:38 | Create | Villager (Male) |
| 24:54 | Build | Town Center |
| 25:09 | Build | House |
| 25:12 | Create | Militia |
| 25:13 | Create | Militia |
| 25:18 | Create | Militia |
| 25:22 | Create | Villager (Male) |
| 25:27 | Research | Heavy Plow |
| 25:34 | Build | Farm |
| 25:35 | Build | Farm |
| 25:47 | Build | House |
| 25:59 | Create | Skirmisher |
| 26:00 | Create | Skirmisher |
| 26:00 | Create | Skirmisher |
| 26:19 | Create | Villager (Male) |
| 26:19 | Create | Villager (Male) |
| 26:23 | Create | Trade Cart |
| 26:24 | Create | Trade Cart |
| 26:53 | Build | Siege Workshop |
| 27:06 | Build | Castle |
| 27:23 | Create | Militia |
| 27:23 | Create | Militia |
| 27:26 | Research | Elite Skirmisher (upgrade) |
| 27:28 | Create | Skirmisher |
| 27:28 | Create | Skirmisher |
| 27:48 | Create | Villager (Male) |
| 27:48 | Create | Villager (Male) |
| 27:48 | Create | Villager (Male) |
| 27:49 | Create | Villager (Male) |
| 27:49 | Create | Villager (Male) |
| 27:49 | Create | Villager (Male) |
| 27:57 | Research | Gold Mining |
| 28:20 | Build | House |
| 28:21 | Build | House |
| 28:28 | Create | Villager (Male) |
| 28:29 | Create | Villager (Male) |
| 28:29 | Create | Villager (Male) |
| 28:34 | Research | Stone Mining |
| 28:44 | Build | Farm |
| 28:46 | Build | Farm |
| 28:56 | Research | Arson |
| 29:17 | Create | Skirmisher |
| 29:17 | Create | Skirmisher |
Build order — SkoL
First 150 of 562 actions detected
| 0:01 | Create | Villager (Male) |
| 0:01 | Create | Villager (Male) |
| 0:02 | Create | Villager (Male) |
| 0:02 | Create | Villager (Male) |
| 0:02 | Create | Villager (Male) |
| 0:02 | Create | Villager (Male) |
| 0:03 | Build | House |
| 0:05 | Build | House |
| 1:22 | Create | Villager (Male) |
| 1:22 | Create | Villager (Male) |
| 1:50 | Build | Lumber Camp |
| 1:51 | Create | Villager (Male) |
| 1:51 | Create | Villager (Male) |
| 2:04 | Create | Villager (Male) |
| 2:04 | Create | Villager (Male) |
| 2:19 | Create | Villager (Male) |
| 2:19 | Create | Villager (Male) |
| 2:19 | Create | Villager (Male) |
| 2:56 | Create | Villager (Male) |
| 2:56 | Create | Villager (Male) |
| 3:07 | Create | Villager (Male) |
| 3:07 | Create | Villager (Male) |
| 3:11 | Build | House |
| 3:24 | Create | Villager (Male) |
| 3:24 | Create | Villager (Male) |
| 3:51 | Create | Villager (Male) |
| 3:51 | Create | Villager (Male) |
| 4:11 | Create | Villager (Male) |
| 4:11 | Create | Villager (Male) |
| 4:15 | Build | Mining Camp |
| 4:22 | Create | Villager (Male) |
| 4:22 | Create | Villager (Male) |
| 4:43 | Create | Villager (Male) |
| 4:43 | Create | Villager (Male) |
| 4:44 | Create | Villager (Male) |
| 5:12 | Create | Villager (Male) |
| 5:12 | Create | Villager (Male) |
| 5:31 | Build | House |
| 5:42 | Create | Villager (Male) |
| 5:42 | Create | Villager (Male) |
| 5:42 | Create | Villager (Male) |
| 6:20 | Build | Mill |
| 6:34 | Build | Mill |
| 7:22 | Create | Villager (Male) |
| 7:22 | Create | Villager (Male) |
| 7:45 | Create | Villager (Male) |
| 8:00 | Create | Villager (Male) |
| 8:00 | Create | Villager (Male) |
| 8:00 | Create | Villager (Male) |
| 8:00 | Create | Villager (Male) |
| 8:00 | Create | Villager (Male) |
| 8:08 | Build | House |
| 8:18 | Create | Villager (Male) |
| 8:42 | Build | Farm |
| 8:46 | Build | Farm |
| 8:48 | Build | Farm |
| 8:51 | Research | Feudal Age |
| 10:13 | Create | Villager (Male) |
| 10:14 | Create | Villager (Male) |
| 11:01 | Age | Feudal Age |
| 11:05 | Build | Blacksmith |
| 11:09 | Build | Market |
| 11:57 | Research | Castle Age |
| 12:04 | Research | Double-Bit Axe |
| 12:26 | Build | House |
| 12:38 | Research | Horse Collar |
| 13:52 | Create | Villager (Male) |
| 13:53 | Create | Villager (Male) |
| 14:37 | Age | Castle Age |
| 14:42 | Build | Town Center |
| 15:03 | Build | Town Center |
| 15:18 | Build | Farm |
| 15:21 | Create | Villager (Male) |
| 15:21 | Create | Villager (Male) |
| 15:22 | Create | Villager (Male) |
| 15:22 | Create | Villager (Male) |
| 15:22 | Create | Villager (Male) |
| 15:30 | Create | Villager (Male) |
| 15:30 | Create | Villager (Male) |
| 15:33 | Build | Farm |
| 15:57 | Build | Farm |
| 15:58 | Create | Villager (Male) |
| 16:25 | Build | Farm |
| 16:29 | Create | Villager (Male) |
| 16:29 | Create | Villager (Male) |
| 16:29 | Create | Villager (Male) |
| 16:29 | Create | Villager (Male) |
| 16:34 | Create | Villager (Male) |
| 16:35 | Create | Villager (Male) |
| 16:36 | Build | Farm |
| 16:53 | Create | Villager (Male) |
| 16:55 | Build | Farm |
| 16:58 | Build | Farm |
| 17:01 | Build | Farm |
| 17:05 | Build | Farm |
| 17:10 | Build | Barracks |
| 17:18 | Research | Loom |
| 17:19 | Create | Villager (Male) |
| 17:23 | Create | Villager (Male) |
| 17:23 | Create | Villager (Male) |
| 17:38 | Build | Farm |
| 17:40 | Build | Farm |
| 17:46 | Build | Farm |
| 17:48 | Build | Farm |
| 17:48 | Create | Villager (Male) |
| 17:49 | Create | Villager (Male) |
| 17:49 | Create | Villager (Male) |
| 17:49 | Create | Villager (Male) |
| 17:49 | Create | Villager (Male) |
| 17:57 | Build | Farm |
| 18:09 | Build | Farm |
| 18:22 | Create | Villager (Male) |
| 18:23 | Create | Villager (Male) |
| 18:23 | Create | Villager (Male) |
| 18:26 | Create | Villager (Male) |
| 18:27 | Create | Villager (Male) |
| 18:27 | Create | Villager (Male) |
| 18:27 | Create | Villager (Male) |
| 18:28 | Create | Villager (Male) |
| 18:36 | Build | Monastery |
| 18:40 | Build | House |
| 18:41 | Build | House |
| 18:42 | Build | House |
| 18:47 | Create | Villager (Male) |
| 18:47 | Create | Villager (Male) |
| 18:55 | Research | Wheelbarrow |
| 18:59 | Create | Villager (Male) |
| 18:59 | Create | Villager (Male) |
| 19:11 | Create | Villager (Male) |
| 19:11 | Create | Villager (Male) |
| 19:14 | Build | House |
| 19:16 | Build | House |
| 19:17 | Build | House |
| 19:20 | Create | Monk |
| 19:29 | Build | Archery Range |
| 19:41 | Create | Villager (Male) |
| 19:41 | Create | Villager (Male) |
| 19:41 | Create | Villager (Male) |
| 19:41 | Create | Villager (Male) |
| 19:42 | Create | Villager (Male) |
| 19:42 | Create | Villager (Male) |
| 19:49 | Build | Farm |
| 19:52 | Build | Farm |
| 19:53 | Create | Villager (Male) |
| 19:53 | Create | Villager (Male) |
| 20:04 | Create | Villager (Male) |
| 20:04 | Create | Villager (Male) |
| 20:21 | Create | Villager (Male) |
| 20:22 | Create | Villager (Male) |
| 20:28 | Create | Villager (Male) |
Match timeline
| 9:23 | matias98ish · age_up feudal |
| 9:49 | spencerjonasak · first_building Barracks |
| 10:16 | spencerjonasak · age_up feudal |
| 10:22 | NAPOLEON · age_up feudal |
| 10:43 | 3Zoo_77 · age_up feudal |
| 11:01 | SkoL · age_up feudal |
| 11:37 | Crupi · age_up feudal |
| 11:59 | CBA Hero · age_up feudal |
| 13:29 | 3Zoo_77 · first_building Barracks |
| 14:37 | SkoL · age_up castle |
| 14:40 | 3Zoo_77 · first_building Archery Range |
| 14:54 | 3Zoo_77 · age_up castle |
| 15:24 | Crupi · age_up castle |
| 15:25 | Remindw · first_building Monastery |
| 16:10 | NAPOLEON · age_up castle |
| 16:17 | 3Zoo_77 · first_building Siege Workshop |
| 16:28 | SkoL · first_market_buy 100 food |
| 17:10 | SkoL · first_building Barracks |
| 17:34 | matias98ish · wall_segment Palisade Wall x1 |
| 17:35 | matias98ish · wall_segment Palisade Wall x1 |
| 18:00 | NAPOLEON · first_building Barracks |
| 18:21 | matias98ish · first_building Barracks |
| 18:36 | SkoL · first_building Monastery |
| 18:51 | spencerjonasak · first_building Archery Range |
| 18:53 | Crupi · first_building Siege Workshop |
| 18:59 | Remindw · first_market_buy 100 food |
| 19:19 | 3Zoo_77 · first_building Castle |
| 19:23 | NAPOLEON · first_building Stable |
| 19:29 | SkoL · first_building Archery Range |
| 19:43 | matias98ish · first_building Stable |
| 20:35 | spencerjonasak · age_up castle |
| 20:54 | matias98ish · age_up castle |
| 20:59 | CBA Hero · age_up castle |
| 21:18 | CBA Hero · first_building Castle |
| 22:49 | 3Zoo_77 · first_market_buy 100 food |
| 23:48 | NAPOLEON · first_building Monastery |
| 24:32 | CBA Hero · first_building Barracks |
| 24:35 | NAPOLEON · first_market_buy 100 stone |
| 24:45 | CBA Hero · wall_segment Stone Wall x5 |
| 24:50 | NAPOLEON · first_building Castle |
| 25:18 | Crupi · first_building Castle |
| 25:46 | CBA Hero · first_building Monastery |
| 26:00 | Crupi · wall_segment Stone Wall x1 |
| 26:01 | Crupi · age_up imperial |
| 26:53 | spencerjonasak · first_building Siege Workshop |
| 27:06 | spencerjonasak · first_building Castle |
| 27:07 | CBA Hero · first_building Archery Range |
| 27:13 | Remindw · first_building Barracks |
| 28:02 | Remindw · first_building Castle |
| 28:07 | SkoL · first_building Castle |
| 28:09 | Remindw · first_building Stable |
| 28:43 | SkoL · age_up imperial |
| 28:55 | matias98ish · first_building Castle |
| 29:23 | matias98ish · tribute_sent a jugador 1 |
| 29:23 | matias98ish · tribute_sent a jugador 2 |
| 29:23 | matias98ish · tribute_sent a jugador 3 |
| 29:23 | matias98ish · tribute_sent a jugador 5 |
| 29:23 | matias98ish · tribute_sent a jugador 6 |
| 29:23 | matias98ish · tribute_sent a jugador 7 |
| 29:23 | matias98ish · tribute_sent a jugador 8 |
| 29:24 | SkoL · tribute_sent a jugador 1 |
| 29:24 | SkoL · tribute_sent a jugador 2 |
| 29:24 | SkoL · tribute_sent a jugador 3 |
| 29:24 | SkoL · tribute_sent a jugador 4 |
| 29:24 | SkoL · tribute_sent a jugador 5 |
| 29:24 | SkoL · tribute_sent a jugador 6 |
| 29:24 | SkoL · tribute_sent a jugador 7 |
| 29:48 | Crupi · first_market_sell 100 wood |
| 30:21 | 3Zoo_77 · first_building Monastery |
| 30:42 | 3Zoo_77 · first_market_sell 100 food |
| 31:13 | Remindw · first_building Siege Workshop |
| 32:08 | NAPOLEON · age_up imperial |
| 33:55 | 3Zoo_77 · age_up imperial |
| 34:00 | matias98ish · age_up imperial |
| 34:08 | matias98ish · first_market_sell 500 wood |
| 34:11 | matias98ish · first_market_buy 100 food |
| 34:38 | spencerjonasak · first_market_buy 100 food |
| 35:03 | NAPOLEON · first_building Siege Workshop |
| 35:24 | Remindw · first_building Archery Range |
| 37:13 | Crupi · first_market_buy 100 wood |
| 37:54 | spencerjonasak · age_up imperial |
| 40:13 | Crupi · first_building Archery Range |
| 41:03 | CBA Hero · age_up imperial |
| 43:15 | spencerjonasak · resign |
[ AI ANALYSIS · 1 CREDIT ]
What really happened in this match?
Wolo.gg analyzes every decision: build order, eco, micro, common mistakes by bracket. Personalized analysis on WhatsApp or Discord in 30 seconds.
Civ guide
Hindustanis
Map guide
Arena
Perfil
Jugador #2528770